Connexion

Stars vs Phantoms

Created - 23 janvier 2024 at 08:06

Goals
1 2 3 OT1 T
Stars 2 2 0 1 5
Phantoms 2 1 1 0 4
Shots
1 2 3 OT1 T
Stars 7 11 13 3 34
Phantoms 18 4 15 1 38

GoalsPenalties
1st period
1. Stars , Ryan Rupert 9 (Brad Morrison 10, Macoy Erkamps 19) at 2:29
2. Stars , Nicolas Beaudin 12 (Ilya Lyubushkin 41, Ryan Rupert 15) at 3:46
3. Phantoms , Jack Ramsey 1 (Patrick Sieloff 22, Lucas Wallmark 10) at 8:42
4. Phantoms , Victor Rask 21 (Kerby Rychel 23, Ben Harpur 24) at 10:29 (PP)
Ryan Olsen (TEX) for Hooking (Minor) at 8:46
2nd period
5. Stars , Joseph Cecconi 6 (Gabriel Bourque 25) at 3:03 (PP)
6. Phantoms , Brett McKenzie 4 (Joshua Jacobs 31, Seth Griffith 32) at 9:57
7. Stars , Matteson Iacopelli 9 (Matthew Robertson 11) at 14:24
Jarred Tinordi (ADI) for High sticking (Minor) at 2:01
Victor Rask (ADI) for High sticking (Minor) at 5:21
3rd period
8. Phantoms , Patrick Sieloff 2 (Logan Hutsko 14) at 13:05
Ilya Lyubushkin (TEX) for Holding (Minor) at 0:27
Jarred Tinordi (ADI) for Holding (Minor) at 1:31
Christoph Bertschy (TEX) for Interference (Minor) at 6:41
Joseph Cecconi (TEX) for Cross-checking (Minor) at 10:03
Ilya Lyubushkin (TEX) for Close Hand On Puck (Minor) at 15:04
Overtime #1
9. Stars , Kyle Platzer 6 (Macoy Erkamps 20, Christoph Bertschy 11) at 0:37
No Penalty
Goalie Stats
Evan Cormier (TEX), 34 saves from 38 shots - (0,895), W, 13-6-0, 60:38 minutes
Kevin Poulin (ADI), 29 saves from 34 shots - (0,853), OTL, 21-18-4, 60:38 minutes
3 StarsOfficial
1 - Ryan Rupert (TEX)
2 - Patrick Sieloff (ADI)
3 - Macoy Erkamps (TEX)
Referees : Chris Ciamaga and Tim Peel
Linesman : Don Henderson and Thor Nelson
Game Note
No Game Note
Finance
Level 1 -- Attendance: 1817 (90,85%) -- Ticket Income $63,595
Level 2 -- Attendance: 947 (94,70%) -- Ticket Income $14,205
Total Attendance: 2764 (92,13%)
Total Ticket Income: $77,800
Other Income: $15,560
Total Income: $93,360



Team Name Goals Shots Shots Attemp Shots Blocked PIM HIT PP PK FO%
Stars 534641210151 / 3 (33%)148%
Phantoms 4387656281 / 5 (20%)152%

Stars
Player Name POS G A P +/- PIM HIT SHT SB MP PP MP PP SHT PK MP PK SHT FO% FOT
Brad MorrisonC0112013112:240:3500:00050% 16
Christoph BertschyC/LW/RW0113203012:290:0000:0300% 0
Gabriel BourqueLW/RW011-1005223:091:3606:21161% 18
Hudson ElynuikC/LW000-1030117:441:0102:20032% 19
Ilya LyubushkinD0110451023:362:2913:0700% 0
Joseph CecconiD101-1221119:281:0113:3100% 0
Kyle OlsonC/RW0001001016:082:2900:00067% 3
Kyle PlatzerC/RW101-100107:060:0000:00053% 15
Liam CoughlinC/LW/RW000-200106:280:0000:0000% 0
Macoy ErkampsD0222000215:300:3500:0500% 0
Matteson IacopelliLW/RW1011004116:082:2900:0000% 0
Matthew RobertsonD0111011016:200:0002:0100% 0
Matthew StromeLW000-200106:580:0000:3000% 0
Nicholas CaamanoRW000-1033023:091:3606:2100% 3
Nicolas BeaudinD1010002225:492:2905:1500% 0
Patrick McNallyD000-1001219:521:3603:2900% 0
Ryan OlsenC0001202018:032:2901:53047% 15
Ryan RupertC/LW1122004011:490:0000:000100% 1
Phantoms
Player Name POS G A P +/- PIM HIT SHT SB MP PP MP PP SHT PK MP PK SHT FO% FOT
Adam MascherinC/LW0000002013:570:0000:2800% 1
Ben HarpurD0110000022:364:1802:0100% 0
Brett McKenzieLW101000206:090:0001:1500% 0
Curtis DouglasC000000000:550:0000:0000% 0
Jack RamseyD1011002114:230:0001:3700% 0
Jake MccabeD000-1053024:134:2631:3900% 0
Jarred TinordiD0000451121:224:1710:4900% 0
Joshua JacobsD011-2011024:484:2611:3600% 0
Kerby RychelLW0110002019:264:3500:00050% 2
Logan HutskoRW0110002014:350:0001:0600% 0
Lucas WallmarkC0110002113:560:0000:27053% 19
Luke HenmanC000102004:160:0000:00050% 6
Manuel WiedererC/RW0000025119:264:3520:0000% 1
Michael McCarronC/RW000-1024019:124:0901:23050% 4
Patrick SieloffD1121034113:140:0000:2800% 0
Seth GriffithC/LW/RW011-1011025:334:0901:55053% 34
Tyler SikuraC/LW000-1031018:164:0910:270100% 1
Victor RaskC1010246020:344:3521:09055% 22



Play-by-Play

1st period


0:01 of 1st period - Seth Griffith wins face-off versus Hudson Elynuik in neutral zone.
0:03 of 1st period - Michael McCarron is hit by Ilya Lyubushkin and loses puck.
0:07 of 1st period - Michael McCarron is hit by Ilya Lyubushkin and loses puck.
0:10 of 1st period - Shot by Michael McCarron.
0:10 of 1st period - Deflect By Seth Griffith.
0:10 of 1st period - Shot Misses the Net.
1:30 of 1st period - Manuel Wiederer is hit by Joseph Cecconi and loses puck.
1:56 of 1st period - Kyle Olson is hit by Victor Rask and loses puck.
2:29 of 1st period - Shot by Ryan Rupert.
2:29 of 1st period - Goal by Ryan Rupert - Stars : 1 - Phantoms : 0.
2:30 of 1st period - Kyle Platzer wins face-off versus Luke Henman in neutral zone.
2:41 of 1st period - Off-side.
2:42 of 1st period - Seth Griffith wins face-off versus Hudson Elynuik in neutral zone.
2:52 of 1st period - Shot by Nicholas Caamano.
2:52 of 1st period - Shot Misses the Net.
3:12 of 1st period - Shot by Michael McCarron.
3:12 of 1st period - Stopped by Evan Cormier with a rebound.
3:42 of 1st period - Shot by Ryan Rupert.
3:42 of 1st period - Shot Misses the Net.
3:46 of 1st period - Shot by Nicolas Beaudin.
3:46 of 1st period - Goal by Nicolas Beaudin - Stars : 2 - Phantoms : 0.
3:47 of 1st period - Victor Rask wins face-off versus Kyle Platzer in neutral zone.
4:18 of 1st period - Shot by Kerby Rychel.
4:18 of 1st period - Stopped by Evan Cormier without a rebound.
4:19 of 1st period - Brad Morrison wins face-off versus Lucas Wallmark in Stars zone.
4:35 of 1st period - Icing by Jake Mccabe.
4:36 of 1st period - Hudson Elynuik wins face-off versus Lucas Wallmark in Phantoms zone.
4:37 of 1st period - Shot by Gabriel Bourque.
4:37 of 1st period - Stopped by Kevin Poulin with a rebound.
6:18 of 1st period - Shot by Seth Griffith.
6:18 of 1st period - Shot Blocked by Nicolas Beaudin.
6:24 of 1st period - Shot by Seth Griffith.
6:24 of 1st period - Stopped by Evan Cormier with a rebound.
6:35 of 1st period - Shot by Michael McCarron.
6:35 of 1st period - Stopped by Evan Cormier without a rebound.
6:36 of 1st period - Victor Rask wins face-off versus Brad Morrison in Stars zone.
6:37 of 1st period - Shot by Kerby Rychel.
6:37 of 1st period - Shot Hit the Post.
6:41 of 1st period - Shot by Victor Rask.
6:41 of 1st period - Stopped by Evan Cormier with a rebound.
6:43 of 1st period - Shot by Victor Rask.
6:43 of 1st period - Deflect By Manuel Wiederer.
6:43 of 1st period - Stopped by Evan Cormier without a rebound.
6:44 of 1st period - Victor Rask wins face-off versus Nicholas Caamano in Stars zone.
6:51 of 1st period - Shot by Gabriel Bourque.
6:51 of 1st period - Shot Blocked by Manuel Wiederer.
7:15 of 1st period - Icing by Joseph Cecconi.
7:16 of 1st period - Hudson Elynuik wins face-off versus Luke Henman in Stars zone.
7:16 of 1st period - Hudson Elynuik is hit by Luke Henman.
8:24 of 1st period - Shot by Brad Morrison.
8:24 of 1st period - Stopped by Kevin Poulin without a rebound.
8:25 of 1st period - Kyle Platzer wins face-off versus Lucas Wallmark in Phantoms zone.
8:27 of 1st period - Matthew Strome is hit by Patrick Sieloff and loses puck.
8:38 of 1st period - Shot by Lucas Wallmark.
8:38 of 1st period - Shot Misses the Net.
8:42 of 1st period - Shot by Jack Ramsey.
8:42 of 1st period - Goal by Jack Ramsey - Stars : 2 - Phantoms : 1.
8:43 of 1st period - Kyle Olson wins face-off versus Victor Rask in neutral zone.
8:46 of 1st period - Minor Penalty to Ryan Olsen for Hooking.
8:47 of 1st period - Gabriel Bourque wins face-off versus Seth Griffith in Stars zone.
8:47 of 1st period - Gabriel Bourque is hit by Tyler Sikura.
8:54 of 1st period - Icing by Seth Griffith.
8:55 of 1st period - Seth Griffith wins face-off versus Gabriel Bourque in Phantoms zone.
9:01 of 1st period - Icing by Joshua Jacobs.
9:02 of 1st period - Gabriel Bourque wins face-off versus Seth Griffith in Phantoms zone.
9:17 of 1st period - Shot by Jake Mccabe.
9:17 of 1st period - Stopped by Evan Cormier with a rebound.
9:19 of 1st period - Shot by Seth Griffith.
9:19 of 1st period - Shot Misses the Net.
9:34 of 1st period - Shot by Tyler Sikura.
9:34 of 1st period - Shot Misses the Net.
9:40 of 1st period - Shot by Joshua Jacobs.
9:40 of 1st period - Shot Misses the Net.
9:42 of 1st period - Shot by Jake Mccabe.
9:42 of 1st period - Shot Misses the Net.
9:58 of 1st period - Joseph Cecconi is hit by Victor Rask and loses puck.
10:05 of 1st period - Shot by Manuel Wiederer.
10:05 of 1st period - Stopped by Evan Cormier with a rebound.
10:07 of 1st period - Shot by Ben Harpur.
10:07 of 1st period - Shot Blocked by Gabriel Bourque.
10:27 of 1st period - Shot by Victor Rask.
10:27 of 1st period - Shot Blocked by Joseph Cecconi.
10:29 of 1st period - Shot by Victor Rask.
10:29 of 1st period - Goal by Victor Rask - Stars : 2 - Phantoms : 2.
10:30 of 1st period - Lucas Wallmark wins face-off versus Brad Morrison in neutral zone.
10:43 of 1st period - Shot by Logan Hutsko.
10:43 of 1st period - Deflect By Lucas Wallmark.
10:43 of 1st period - Shot Misses the Net.
10:47 of 1st period - Shot by Adam Mascherin.
10:47 of 1st period - Shot Misses the Net.
10:49 of 1st period - Shot by Adam Mascherin.
10:49 of 1st period - Deflect By Lucas Wallmark.
10:49 of 1st period - Shot Misses the Net.
10:51 of 1st period - Shot by Logan Hutsko.
10:51 of 1st period - Shot Blocked by Brad Morrison.
10:57 of 1st period - Shot by Patrick Sieloff.
10:57 of 1st period - Stopped by Evan Cormier without a rebound.
10:58 of 1st period - Seth Griffith wins face-off versus Ryan Olsen in Stars zone.
11:02 of 1st period - Icing by Matthew Robertson.
11:03 of 1st period - Ryan Olsen wins face-off versus Seth Griffith in Stars zone.
12:10 of 1st period - Ben Harpur is hit by Hudson Elynuik and loses puck.
13:10 of 1st period - Shot by Lucas Wallmark.
13:10 of 1st period - Deflect By Logan Hutsko.
13:10 of 1st period - Stopped by Evan Cormier without a rebound.
13:11 of 1st period - Luke Henman wins face-off versus Kyle Platzer in Stars zone.
13:37 of 1st period - Kyle Platzer is hit by Jake Mccabe and loses puck.
13:53 of 1st period - Brett McKenzie is hit by Ilya Lyubushkin and loses puck.
14:24 of 1st period - Shot by Manuel Wiederer.
14:24 of 1st period - Stopped by Evan Cormier without a rebound.
14:25 of 1st period - Hudson Elynuik wins face-off versus Lucas Wallmark in Stars zone.
14:50 of 1st period - Shot by Gabriel Bourque.
14:50 of 1st period - Stopped by Kevin Poulin without a rebound.
14:51 of 1st period - Ryan Olsen wins face-off versus Seth Griffith in Phantoms zone.
14:52 of 1st period - Shot by Kyle Olson.
14:52 of 1st period - Stopped by Kevin Poulin with a rebound.
15:11 of 1st period - Icing by Michael McCarron.
15:12 of 1st period - Seth Griffith wins face-off versus Hudson Elynuik in Phantoms zone.
15:19 of 1st period - Shot by Seth Griffith.
15:19 of 1st period - Shot Misses the Net.
16:04 of 1st period - Matteson Iacopelli is hit by Jake Mccabe and loses puck.
16:23 of 1st period - Matteson Iacopelli is hit by Jake Mccabe and loses puck.
16:26 of 1st period - Shot by Ryan Olsen.
16:26 of 1st period - Stopped by Kevin Poulin without a rebound.
16:27 of 1st period - Lucas Wallmark wins face-off versus Brad Morrison in Phantoms zone.
16:27 of 1st period - Lucas Wallmark is hit by Brad Morrison.
18:25 of 1st period - Shot by Macoy Erkamps.
18:25 of 1st period - Shot Misses the Net.
18:28 of 1st period - Icing by Jake Mccabe.
18:29 of 1st period - Victor Rask wins face-off versus Ryan Olsen in Phantoms zone.
18:42 of 1st period - Matteson Iacopelli is hit by Jake Mccabe and loses puck.
18:49 of 1st period - Shot by Victor Rask.
18:49 of 1st period - Stopped by Evan Cormier with a rebound.
18:51 of 1st period - Shot by Jake Mccabe.
18:51 of 1st period - Shot Blocked by Macoy Erkamps.
18:53 of 1st period - Shot by Joshua Jacobs.
18:53 of 1st period - Shot Blocked by Matteson Iacopelli.
18:55 of 1st period - Shot by Victor Rask.
18:55 of 1st period - Stopped by Evan Cormier with a rebound.
18:57 of 1st period - Shot by Manuel Wiederer.
18:57 of 1st period - Stopped by Evan Cormier without a rebound.
18:58 of 1st period - Lucas Wallmark wins face-off versus Hudson Elynuik in Stars zone.
19:12 of 1st period - Icing by Jack Ramsey.
19:13 of 1st period - Brad Morrison wins face-off versus Adam Mascherin in Phantoms zone.
19:40 of 1st period - Shot by Jack Ramsey.
19:40 of 1st period - Stopped by Evan Cormier with a rebound.
19:42 of 1st period - Shot by Patrick Sieloff.
19:42 of 1st period - Shot Misses the Net.
19:44 of 1st period - Shot by Patrick Sieloff.
19:44 of 1st period - Stopped by Evan Cormier without a rebound.
19:45 of 1st period - Michael McCarron wins face-off versus Hudson Elynuik in Stars zone.
Goals for this period are 2 for Stars vs 2 for Phantoms.
Shots for this period are 7 for Stars vs 18 for Phantoms.

2nd period


0:01 of 2nd period - Gabriel Bourque wins face-off versus Seth Griffith in neutral zone.
0:01 of 2nd period - Gabriel Bourque is hit by Michael McCarron.
0:38 of 2nd period - Ilya Lyubushkin is hit by Michael McCarron and loses puck.
1:32 of 2nd period - Icing by Jarred Tinordi.
1:33 of 2nd period - Brad Morrison wins face-off versus Victor Rask in Phantoms zone.
1:33 of 2nd period - Ryan Rupert is hit by Jarred Tinordi and loses puck.
1:37 of 2nd period - Christoph Bertschy is hit by Jarred Tinordi and loses puck.
1:46 of 2nd period - Shot by Christoph Bertschy.
1:46 of 2nd period - Shot Misses the Net.
1:48 of 2nd period - Shot by Christoph Bertschy.
1:48 of 2nd period - Shot Misses the Net.
1:54 of 2nd period - Shot by Ryan Rupert.
1:54 of 2nd period - Shot Misses the Net.
2:01 of 2nd period - Minor Penalty to Jarred Tinordi for High sticking.
2:02 of 2nd period - Ryan Olsen wins face-off versus Seth Griffith in Phantoms zone.
2:59 of 2nd period - Shot by Gabriel Bourque.
2:59 of 2nd period - Shot Misses the Net.
3:01 of 2nd period - Shot by Joseph Cecconi.
3:01 of 2nd period - Shot Misses the Net.
3:03 of 2nd period - Shot by Joseph Cecconi.
3:03 of 2nd period - Goal by Joseph Cecconi - Stars : 3 - Phantoms : 2.
3:04 of 2nd period - Lucas Wallmark wins face-off versus Brad Morrison in neutral zone.
3:33 of 2nd period - Shot by Ryan Rupert.
3:33 of 2nd period - Stopped by Kevin Poulin with a rebound.
3:35 of 2nd period - Shot by Ryan Rupert.
3:35 of 2nd period - Shot Misses the Net.
3:37 of 2nd period - Shot by Matthew Robertson.
3:37 of 2nd period - Stopped by Kevin Poulin with a rebound.
4:46 of 2nd period - Kyle Olson is hit by Tyler Sikura.
5:21 of 2nd period - Minor Penalty to Victor Rask for High sticking.
5:22 of 2nd period - Hudson Elynuik wins face-off versus Michael McCarron in Phantoms zone.
5:22 of 2nd period - Nicholas Caamano is hit by Jarred Tinordi and loses puck.
5:25 of 2nd period - Shot by Hudson Elynuik.
5:25 of 2nd period - Shot Misses the Net.
6:24 of 2nd period - Shot by Nicolas Beaudin.
6:24 of 2nd period - Shot Misses the Net.
6:36 of 2nd period - Kyle Olson is hit by Seth Griffith and loses puck.
7:31 of 2nd period - Shot by Victor Rask.
7:31 of 2nd period - Stopped by Evan Cormier without a rebound.
7:32 of 2nd period - Kyle Platzer wins face-off versus Victor Rask in Stars zone.
7:39 of 2nd period - Shot by Liam Coughlin.
7:39 of 2nd period - Stopped by Kevin Poulin with a rebound.
7:41 of 2nd period - Shot by Matthew Strome.
7:41 of 2nd period - Stopped by Kevin Poulin without a rebound.
7:42 of 2nd period - Brad Morrison wins face-off versus Lucas Wallmark in Phantoms zone.
8:07 of 2nd period - Shot by Christoph Bertschy.
8:07 of 2nd period - Shot Blocked by Lucas Wallmark.
8:12 of 2nd period - Off-side.
8:13 of 2nd period - Victor Rask wins face-off versus Kyle Platzer in neutral zone.
9:13 of 2nd period - Shot by Ryan Olsen.
9:13 of 2nd period - Shot Blocked by Patrick Sieloff.
9:15 of 2nd period - Shot by Matteson Iacopelli.
9:15 of 2nd period - Shot Misses the Net.
9:17 of 2nd period - Shot by Matteson Iacopelli.
9:17 of 2nd period - Stopped by Kevin Poulin without a rebound.
9:18 of 2nd period - Luke Henman wins face-off versus Hudson Elynuik in Phantoms zone.
9:38 of 2nd period - Seth Griffith is hit by Matthew Robertson and loses puck.
9:55 of 2nd period - Shot by Joshua Jacobs.
9:55 of 2nd period - Shot Misses the Net.
9:57 of 2nd period - Shot by Brett McKenzie.
9:57 of 2nd period - Goal by Brett McKenzie - Stars : 3 - Phantoms : 3.
9:58 of 2nd period - Lucas Wallmark wins face-off versus Kyle Olson in neutral zone.
10:08 of 2nd period - Shot by Matteson Iacopelli.
10:08 of 2nd period - Stopped by Kevin Poulin with a rebound.
10:28 of 2nd period - Shot by Jack Ramsey.
10:28 of 2nd period - Shot Blocked by Patrick McNally.
10:53 of 2nd period - Ben Harpur is hit by Ilya Lyubushkin and loses puck.
11:01 of 2nd period - Off-side.
11:02 of 2nd period - Hudson Elynuik wins face-off versus Seth Griffith in neutral zone.
11:37 of 2nd period - Shot by Michael McCarron.
11:37 of 2nd period - Stopped by Evan Cormier with a rebound.
13:11 of 2nd period - Shot by Kyle Olson.
13:11 of 2nd period - Shot Blocked by Jack Ramsey.
13:13 of 2nd period - Shot by Patrick McNally.
13:13 of 2nd period - Stopped by Kevin Poulin without a rebound.
13:14 of 2nd period - Lucas Wallmark wins face-off versus Kyle Platzer in Phantoms zone.
13:22 of 2nd period - Shot by Logan Hutsko.
13:22 of 2nd period - Stopped by Evan Cormier with a rebound.
14:06 of 2nd period - Off-side.
14:07 of 2nd period - Seth Griffith wins face-off versus Ryan Olsen in neutral zone.
14:21 of 2nd period - Matteson Iacopelli is hit by Jake Mccabe and loses puck.
14:24 of 2nd period - Shot by Matteson Iacopelli.
14:24 of 2nd period - Goal by Matteson Iacopelli - Stars : 4 - Phantoms : 3.
14:25 of 2nd period - Luke Henman wins face-off versus Hudson Elynuik in neutral zone.
14:59 of 2nd period - Nicholas Caamano is hit by Luke Henman and loses puck.
16:02 of 2nd period - Shot by Ryan Olsen.
16:02 of 2nd period - Shot Misses the Net.
16:12 of 2nd period - Christoph Bertschy is hit by Manuel Wiederer and loses puck.
16:25 of 2nd period - Shot by Brad Morrison.
16:25 of 2nd period - Stopped by Kevin Poulin without a rebound.
16:26 of 2nd period - Kyle Platzer wins face-off versus Lucas Wallmark in Phantoms zone.
16:38 of 2nd period - Off-side.
16:39 of 2nd period - Lucas Wallmark wins face-off versus Brad Morrison in neutral zone.
17:20 of 2nd period - Icing by Ilya Lyubushkin.
17:21 of 2nd period - Victor Rask wins face-off versus Brad Morrison in Stars zone.
17:56 of 2nd period - Shot by Gabriel Bourque.
17:56 of 2nd period - Stopped by Kevin Poulin without a rebound.
17:57 of 2nd period - Ryan Olsen wins face-off versus Seth Griffith in Phantoms zone.
18:58 of 2nd period - Icing by Adam Mascherin.
18:59 of 2nd period - Hudson Elynuik wins face-off versus Lucas Wallmark in Phantoms zone.
18:59 of 2nd period - Ilya Lyubushkin is hit by Patrick Sieloff.
19:12 of 2nd period - Gabriel Bourque is hit by Patrick Sieloff and loses puck.
19:33 of 2nd period - Shot by Gabriel Bourque.
19:33 of 2nd period - Shot Misses the Net.
Goals for this period are 2 for Stars vs 1 for Phantoms.
Shots for this period are 11 for Stars vs 4 for Phantoms.

3rd period


0:01 of 3rd period - Seth Griffith wins face-off versus Hudson Elynuik in neutral zone.
0:01 of 3rd period - Tyler Sikura is hit by Nicholas Caamano and loses puck.
0:08 of 3rd period - Shot by Nicholas Caamano.
0:08 of 3rd period - Shot Misses the Net.
0:14 of 3rd period - Shot by Gabriel Bourque.
0:14 of 3rd period - Shot Misses the Net.
0:16 of 3rd period - Shot by Gabriel Bourque.
0:16 of 3rd period - Shot Hit the Post.
0:27 of 3rd period - Minor Penalty to Ilya Lyubushkin for Holding.
0:28 of 3rd period - Kerby Rychel wins face-off versus Gabriel Bourque in Stars zone.
1:20 of 3rd period - Icing by Victor Rask.
1:21 of 3rd period - Victor Rask wins face-off versus Gabriel Bourque in Phantoms zone.
1:31 of 3rd period - Minor Penalty to Jarred Tinordi for Holding.
1:32 of 3rd period - Gabriel Bourque wins face-off versus Seth Griffith in Phantoms zone.
1:32 of 3rd period - Gabriel Bourque is hit by Joshua Jacobs.
1:40 of 3rd period - Shot by Nicholas Caamano.
1:40 of 3rd period - Shot Misses the Net.
2:34 of 3rd period - Icing by Nicolas Beaudin.
2:35 of 3rd period - Ryan Olsen wins face-off versus Seth Griffith in Stars zone.
3:00 of 3rd period - Shot by Ilya Lyubushkin.
3:00 of 3rd period - Stopped by Kevin Poulin without a rebound.
3:01 of 3rd period - Seth Griffith wins face-off versus Ryan Olsen in Phantoms zone.
3:23 of 3rd period - Icing by Matteson Iacopelli.
3:24 of 3rd period - Kyle Olson wins face-off versus Michael McCarron in Stars zone.
3:47 of 3rd period - Shot by Adam Mascherin.
3:47 of 3rd period - Stopped by Evan Cormier without a rebound.
3:48 of 3rd period - Kyle Platzer wins face-off versus Victor Rask in Stars zone.
3:48 of 3rd period - Kyle Platzer is hit by Victor Rask.
3:51 of 3rd period - Patrick McNally is hit by Manuel Wiederer and loses puck.
4:00 of 3rd period - Shot by Kerby Rychel.
4:00 of 3rd period - Stopped by Evan Cormier without a rebound.
4:01 of 3rd period - Brad Morrison wins face-off versus Lucas Wallmark in Stars zone.
4:18 of 3rd period - Shot by Brad Morrison.
4:18 of 3rd period - Stopped by Kevin Poulin without a rebound.
4:19 of 3rd period - Seth Griffith wins face-off versus Hudson Elynuik in Phantoms zone.
4:37 of 3rd period - Shot by Nicholas Caamano.
4:37 of 3rd period - Stopped by Kevin Poulin without a rebound.
4:38 of 3rd period - Ryan Olsen wins face-off versus Victor Rask in Phantoms zone.
4:45 of 3rd period - Shot by Matteson Iacopelli.
4:45 of 3rd period - Stopped by Kevin Poulin without a rebound.
4:46 of 3rd period - Seth Griffith wins face-off versus Nicholas Caamano in Phantoms zone.
5:03 of 3rd period - Shot by Hudson Elynuik.
5:03 of 3rd period - Shot Misses the Net.
5:05 of 3rd period - Shot by Nicolas Beaudin.
5:05 of 3rd period - Stopped by Kevin Poulin with a rebound.
5:07 of 3rd period - Shot by Gabriel Bourque.
5:07 of 3rd period - Stopped by Kevin Poulin without a rebound.
5:08 of 3rd period - Victor Rask wins face-off versus Ryan Olsen in Phantoms zone.
5:33 of 3rd period - Shot by Joseph Cecconi.
5:33 of 3rd period - Deflect By Matteson Iacopelli.
5:33 of 3rd period - Shot Misses the Net.
5:42 of 3rd period - Ryan Olsen is hit by Jarred Tinordi and loses puck.
5:47 of 3rd period - Shot by Matteson Iacopelli.
5:47 of 3rd period - Shot Misses the Net.
5:54 of 3rd period - Icing by Ben Harpur.
5:55 of 3rd period - Victor Rask wins face-off versus Hudson Elynuik in Phantoms zone.
5:55 of 3rd period - Victor Rask is hit by Nicholas Caamano.
6:05 of 3rd period - Victor Rask is hit by Hudson Elynuik and loses puck.
6:22 of 3rd period - Shot by Nicolas Beaudin.
6:22 of 3rd period - Shot Blocked by Jarred Tinordi.
6:24 of 3rd period - Shot by Nicholas Caamano.
6:24 of 3rd period - Stopped by Kevin Poulin without a rebound.
6:25 of 3rd period - Brad Morrison wins face-off versus Seth Griffith in Phantoms zone.
6:26 of 3rd period - Shot by Christoph Bertschy.
6:26 of 3rd period - Stopped by Kevin Poulin without a rebound.
6:27 of 3rd period - Brad Morrison wins face-off versus Seth Griffith in Phantoms zone.
6:41 of 3rd period - Minor Penalty to Christoph Bertschy for Interference.
6:42 of 3rd period - Gabriel Bourque wins face-off versus Seth Griffith in Stars zone.
6:57 of 3rd period - Shot by Jake Mccabe.
6:57 of 3rd period - Stopped by Evan Cormier without a rebound.
6:58 of 3rd period - Gabriel Bourque wins face-off versus Seth Griffith in Stars zone.
7:42 of 3rd period - Icing by Jarred Tinordi.
7:43 of 3rd period - Gabriel Bourque wins face-off versus Victor Rask in Phantoms zone.
7:46 of 3rd period - Shot by Nicholas Caamano.
7:46 of 3rd period - Shot Misses the Net.
7:48 of 3rd period - Shot by Nicholas Caamano.
7:48 of 3rd period - Shot Misses the Net.
7:50 of 3rd period - Shot by Patrick McNally.
7:50 of 3rd period - Shot Misses the Net.
7:58 of 3rd period - Shot by Gabriel Bourque.
7:58 of 3rd period - Stopped by Kevin Poulin without a rebound.
7:59 of 3rd period - Victor Rask wins face-off versus Hudson Elynuik in Phantoms zone.
8:08 of 3rd period - Shot by Victor Rask.
8:08 of 3rd period - Shot Misses the Net.
8:15 of 3rd period - Icing by Ben Harpur.
8:16 of 3rd period - Victor Rask wins face-off versus Gabriel Bourque in Phantoms zone.
9:10 of 3rd period - Shot by Matteson Iacopelli.
9:10 of 3rd period - Shot Misses the Net.
9:12 of 3rd period - Shot by Ryan Olsen.
9:12 of 3rd period - Stopped by Kevin Poulin without a rebound.
9:13 of 3rd period - Lucas Wallmark wins face-off versus Brad Morrison in Phantoms zone.
9:38 of 3rd period - Shot by Ryan Rupert.
9:38 of 3rd period - Stopped by Kevin Poulin without a rebound.
9:39 of 3rd period - Kyle Platzer wins face-off versus Luke Henman in Phantoms zone.
10:02 of 3rd period - Brett McKenzie is hit by Joseph Cecconi and loses puck.
10:03 of 3rd period - Minor Penalty to Joseph Cecconi for Cross-checking.
10:04 of 3rd period - Gabriel Bourque wins face-off versus Victor Rask in Stars zone.
10:17 of 3rd period - Shot by Ben Harpur.
10:17 of 3rd period - Shot Misses the Net.
10:33 of 3rd period - Shot by Victor Rask.
10:33 of 3rd period - Stopped by Evan Cormier without a rebound.
10:34 of 3rd period - Seth Griffith wins face-off versus Nicholas Caamano in Stars zone.
11:15 of 3rd period - Joshua Jacobs is hit by Hudson Elynuik and loses puck.
11:30 of 3rd period - Gabriel Bourque is hit by Tyler Sikura and loses puck.
12:13 of 3rd period - Shot by Adam Mascherin.
12:13 of 3rd period - Shot Misses the Net.
12:15 of 3rd period - Shot by Patrick Sieloff.
12:15 of 3rd period - Stopped by Evan Cormier without a rebound.
12:16 of 3rd period - Kyle Platzer wins face-off versus Kerby Rychel in Stars zone.
12:33 of 3rd period - Shot by Victor Rask.
12:33 of 3rd period - Shot Blocked by Patrick McNally.
13:05 of 3rd period - Shot by Patrick Sieloff.
13:05 of 3rd period - Goal by Patrick Sieloff - Stars : 4 - Phantoms : 4.
13:06 of 3rd period - Ryan Olsen wins face-off versus Lucas Wallmark in neutral zone.
13:46 of 3rd period - Off-side.
13:47 of 3rd period - Tyler Sikura wins face-off versus Gabriel Bourque in neutral zone.
13:52 of 3rd period - Jake Mccabe is hit by Nicholas Caamano and loses puck.
13:59 of 3rd period - Shot by Nicholas Caamano.
13:59 of 3rd period - Stopped by Kevin Poulin without a rebound.
14:00 of 3rd period - Brad Morrison wins face-off versus Victor Rask in Phantoms zone.
14:00 of 3rd period - Brad Morrison is hit by Jarred Tinordi.
14:14 of 3rd period - Shot by Ryan Rupert.
14:14 of 3rd period - Stopped by Kevin Poulin with a rebound.
14:20 of 3rd period - Shot by Victor Rask.
14:20 of 3rd period - Shot Blocked by Macoy Erkamps.
15:04 of 3rd period - Minor Penalty to Ilya Lyubushkin for Close Hand On Puck.
15:05 of 3rd period - Seth Griffith wins face-off versus Gabriel Bourque in Stars zone.
15:08 of 3rd period - Shot by Tyler Sikura.
15:08 of 3rd period - Shot Misses the Net.
15:10 of 3rd period - Shot by Tyler Sikura.
15:10 of 3rd period - Shot Blocked by Nicolas Beaudin.
15:12 of 3rd period - Shot by Seth Griffith.
15:12 of 3rd period - Shot Misses the Net.
15:14 of 3rd period - Shot by Seth Griffith.
15:14 of 3rd period - Shot Blocked by Gabriel Bourque.
15:16 of 3rd period - Shot by Tyler Sikura.
15:16 of 3rd period - Deflect By Seth Griffith.
15:16 of 3rd period - Shot Misses the Net.
15:18 of 3rd period - Shot by Seth Griffith.
15:18 of 3rd period - Shot Misses the Net.
15:20 of 3rd period - Shot by Joshua Jacobs.
15:20 of 3rd period - Stopped by Evan Cormier without a rebound.
15:21 of 3rd period - Gabriel Bourque wins face-off versus Seth Griffith in Stars zone.
15:40 of 3rd period - Shot by Tyler Sikura.
15:40 of 3rd period - Stopped by Evan Cormier with a rebound.
15:42 of 3rd period - Shot by Seth Griffith.
15:42 of 3rd period - Shot Misses the Net.
15:44 of 3rd period - Shot by Jarred Tinordi.
15:44 of 3rd period - Shot Misses the Net.
15:46 of 3rd period - Shot by Jarred Tinordi.
15:46 of 3rd period - Stopped by Evan Cormier without a rebound.
15:47 of 3rd period - Gabriel Bourque wins face-off versus Manuel Wiederer in Stars zone.
15:47 of 3rd period - Gabriel Bourque is hit by Victor Rask.
15:54 of 3rd period - Icing by Joshua Jacobs.
15:55 of 3rd period - Victor Rask wins face-off versus Gabriel Bourque in Phantoms zone.
16:02 of 3rd period - Shot by Jake Mccabe.
16:02 of 3rd period - Stopped by Evan Cormier without a rebound.
16:03 of 3rd period - Gabriel Bourque wins face-off versus Victor Rask in Stars zone.
16:32 of 3rd period - Shot by Manuel Wiederer.
16:32 of 3rd period - Stopped by Evan Cormier with a rebound.
17:10 of 3rd period - Shot by Lucas Wallmark.
17:10 of 3rd period - Stopped by Evan Cormier without a rebound.
17:11 of 3rd period - Lucas Wallmark wins face-off versus Ryan Olsen in Stars zone.
17:16 of 3rd period - Shot by Lucas Wallmark.
17:16 of 3rd period - Shot Misses the Net.
17:18 of 3rd period - Shot by Lucas Wallmark.
17:18 of 3rd period - Stopped by Evan Cormier without a rebound.
17:19 of 3rd period - Seth Griffith wins face-off versus Ryan Olsen in Stars zone.
18:19 of 3rd period - Off-side.
18:20 of 3rd period - Lucas Wallmark wins face-off versus Hudson Elynuik in neutral zone.
18:37 of 3rd period - Shot by Adam Mascherin.
18:37 of 3rd period - Stopped by Evan Cormier without a rebound.
18:38 of 3rd period - Ryan Rupert wins face-off versus Victor Rask in Stars zone.
19:17 of 3rd period - Icing by Patrick McNally.
19:18 of 3rd period - Seth Griffith wins face-off versus Brad Morrison in Stars zone.
19:23 of 3rd period - Shot by Michael McCarron.
19:23 of 3rd period - Stopped by Evan Cormier without a rebound.
19:24 of 3rd period - Michael McCarron wins face-off versus Hudson Elynuik in Stars zone.
19:27 of 3rd period - Shot by Seth Griffith.
19:27 of 3rd period - Deflect By Tyler Sikura.
19:27 of 3rd period - Shot Blocked by Hudson Elynuik.
19:32 of 3rd period - Off-side.
19:33 of 3rd period - Seth Griffith wins face-off versus Ryan Olsen in neutral zone.
19:35 of 3rd period - Tyler Sikura is hit by Ilya Lyubushkin and loses puck.
19:46 of 3rd period - Shot by Seth Griffith.
19:46 of 3rd period - Deflect By Tyler Sikura.
19:46 of 3rd period - Shot Misses the Net.
19:48 of 3rd period - Shot by Michael McCarron.
19:48 of 3rd period - Shot Misses the Net.
Goals for this period are 0 for Stars vs 1 for Phantoms.
Shots for this period are 13 for Stars vs 15 for Phantoms.

Overtime #1


0:01 of 1st overtime period - Seth Griffith wins face-off versus Kyle Platzer in neutral zone.
0:06 of 1st overtime period - Shot by Seth Griffith.
0:06 of 1st overtime period - Shot Misses the Net.
0:11 of 1st overtime period - Icing by Kyle Platzer.
0:12 of 1st overtime period - Seth Griffith wins face-off versus Kyle Platzer in Stars zone.
0:17 of 1st overtime period - Shot by Brett McKenzie.
0:17 of 1st overtime period - Stopped by Evan Cormier without a rebound.
0:18 of 1st overtime period - Seth Griffith wins face-off versus Kyle Platzer in Stars zone.
0:27 of 1st overtime period - Shot by Christoph Bertschy.
0:27 of 1st overtime period - Stopped by Kevin Poulin without a rebound.
0:28 of 1st overtime period - Kyle Platzer wins face-off versus Seth Griffith in Phantoms zone.
0:31 of 1st overtime period - Shot by Christoph Bertschy.
0:31 of 1st overtime period - Stopped by Kevin Poulin with a rebound.
0:37 of 1st overtime period - Shot by Kyle Platzer.
0:37 of 1st overtime period - Goal by Kyle Platzer - Stars : 5 - Phantoms : 4.
Goals for this period are 1 for Stars vs 0 for Phantoms.
Shots for this period are 3 for Stars vs 1 for Phantoms.